 Dungeon Crawl Stone Soup version 0.23.2-1-ga50397a6bc (webtiles) character file.

Game seed: 3620015782960022496

102 Freyura the Twirler (level 4, -5/34 HPs)
             Began as a Demonspawn Gladiator on Apr 15, 2019.
             Slain by an orc
             ... wielding a +0 trident
              (7 damage)
             ... on level 2 of the Dungeon.
             The game lasted 00:04:54 (1559 turns).

Freyura the Twirler (Demonspawn Gladiator)          Turns: 1559, Time: 00:04:55

Health: -5/34      AC:  3    Str: 15    XL:     4   Next: 50%
Magic:  0/4        EV: 13    Int:  9    God:
Gold:   71         SH:  0    Dex: 15    Spells: 3/3 levels left

rFire    . . .     SeeInvis .   a - +0 quarterstaff
rCold    . . .     Gourm    .   (shield currently unavailable)
rNeg     . . .     Faith    .   b - +0 leather armour
rPois    .         Spirit   +   (helmet restricted)
rElec    .         Reflect  .   (no cloak)
rCorr    .         Harm     .   (no gloves)
MR       .....                  (no boots)
Stlth    +.........             d - amulet of guardian spirit
HPRegen  0.11/turn              (no ring)
MPRegen  0.09/turn              (no ring)

@: no status effects
A: antennae 1, rot immunity
a: no special abilities


You were on level 2 of the Dungeon.
You were full.

You visited 1 branch of the dungeon, and saw 2 of its levels.

You collected 71 gold pieces.

Inventory:

Hand Weapons
 a - a +0 quarterstaff (weapon)
Armour
 b - a +0 leather armour (worn)
Jewellery
 d - an amulet of guardian spirit (around neck)
Scrolls
 e - a scroll of random uselessness {unknown}
 g - 2 scrolls of enchant weapon {unknown}
 h - a scroll of magic mapping {unknown}
 i - 2 scrolls of remove curse {unknown}
Potions
 c - a potion of degeneration {unknown}
Comestibles
 f - 2 rations


   Skills:
 + Level 2.7 Fighting
 * Level 3.6 Staves
 - Level 1.7 Throwing
 + Level 1.4 Armour
 + Level 3.2 Dodging


You had 3 spell levels left.
You didn't know any spells.
Your spell library was empty.

Dungeon Overview and Level Annotations

Branches:
Dungeon (2/15)

Altars:
Cheibriados
Gozag
Makhleb
Nemelex Xobeh
Trog
Uskayaw
Vehumet
Yredelemnul


Innate Abilities, Weirdness & Mutations

You have a pair of small antennae on your head.
You are immune to rotting.


Message History

The orc hits you from afar with a +0 trident.
* * * LOW HITPOINT WARNING * * *
The adder closely misses you.
You sock the adder!
The adder is almost dead.
The adder closely misses you. The orc completely misses you.
You sock the adder!
You kill the adder!
The orc hits you but does no damage.
You closely miss the orc priest. The orc completely misses you.
The orc priest hits you with a cursed -2 flail.
* * * LOW HITPOINT WARNING * * *
You hit the orc priest but do no damage.
The orc barely misses you.
The orc priest invokes the aid of Beogh against you.
You barely resist. You hit the orc priest.
The orc priest is moderately wounded.
The orc hits you from afar with a +0 trident!
You die...

#.###.....#
#.###.....##
#..>.......#
###.#.#.#..#
#.#.#.#..#
#.#...#..#
#.#..##..#
#.#..##..#
#...oo@..#
#......#####
#.###### ..
##


You could see an orc priest and an orc.

Vanquished Creatures
  An iguana (D:2)
  3 adders (D:2)
  A worm (D:2)
  3 dart slugs
  2 leopard geckos
  An orc (D:2)
  2 giant cockroaches (D:1)
  5 goblins (D:1)
  2 hobgoblins (D:1)
  3 kobolds
  2 quokkas (D:2)
  A ball python (D:1)
  6 bats
  A frilled lizard (D:2)
  10 rats
43 creatures vanquished.

Notes
Turn   | Place    | Note
-------+----------+-------------------------------------------
     0 | D:1      | Freyura the Demonspawn Gladiator began the quest for the
                  | Orb.
     0 | D:1      | Reached XP level 1. HP: 16/16 MP: 1/1
    71 | D:1      | Gained mutation: You are immune to rotting. [demonic
                  | ancestry]
    71 | D:1      | Reached XP level 2. HP: 20/22 MP: 2/2
   626 | D:2      | Gained mutation: You have a pair of small antennae on your
                  | head. [demonic ancestry]
   626 | D:2      | Reached XP level 3. HP: 28/28 MP: 3/3
   670 | D:2      | Reached skill level 1 in Armour
   984 | D:2      | Found an opulent altar of Gozag.
   984 | D:2      | Found a snail-covered altar of Cheibriados.
   984 | D:2      | Found a bloodstained altar of Trog.
   985 | D:2      | Found a sparkling altar of Nemelex Xobeh.
   986 | D:2      | Found a radiant altar of Vehumet.
   986 | D:2      | Found a basalt altar of Yredelemnul.
   986 | D:2      | Found a hide-covered altar of Uskayaw.
   986 | D:2      | Found a burning altar of Makhleb.
  1063 | D:2      | Reached XP level 4. HP: 7/34 MP: 1/4
  1559 | D:2      | Slain by an orc

Skill      XL: |  1  2  3 |
---------------+----------+-----
Staves         | 3 |  3.6
Dodging        | 3 |  3.2
Armour         | 1 |  1.4
Fighting       | |  2.7
Throwing       | |  1.7

Action                   |  1- 3 |  4- 6 || total
-------------------------+-------+-------++-------
Melee: Quarterstaff      |   104 |    34 ||   138
 Stab: Sleeping          |     2 |       ||     2
  Eat: Ration            |       |     2 ||     2
Armor: Leather armour    |    28 |     8 ||    36
Dodge: Dodged            |    88 |    32 ||   120
